 Dungeon Crawl Stone Soup version 0.21-a0-46-gdf2c162 (webtiles) character file.

5987 KristoblXynda the Blocker (level 10, -2/81 HPs)
             Began as a Grey Draconian Fighter on June 7, 2017.
             Was a Follower of Dithmenos.
             Killed from afar by Erica (12 damage)
             ... with a bolt of poison
             ... on level 9 of the Dungeon.
             The game lasted 00:19:08 (10251 turns).

KristoblXynda the Blocker (Grey Draconian Fighter) Turns: 10251, Time: 00:19:09

Health: -2/81      AC: 15    Str: 29    XL:     10   Next: 55%
Magic:  19/19      EV: 12    Int: 15    God:    Dithmenos [*.....]
Gold:   489        SH: 13    Dex:  9    Spells: 9/9 levels left

rFire    + . .     SeeInvis .   x - +5 long sword of the Warrior {speed, Str+5 Dex-3}
rCold    . . .     Gourm    .   b - +1 shield
rNeg     . . .     Faith    .   (armour unavailable)
rPois    .         Spirit   .   E - +2 hat {Int+3}
rElec    .         Reflect  .   l - +0 cloak
rCorr    .         Harm     .   (no gloves)
MR       .....                  (no boots)
Stlth    +++.......             (no amulet)
Regen    0.3/turn               p - ring of magical power
MPRegen  0.2/turn               c - +5 ring of strength

@: lethally poisoned (-2 -> -9), slowed, wreathed by umbra, drained, very slow
A: walk through water, unfitting armour, agile 1, fire resistance 1,
unbreathing, cold-blooded, AC +12
a: Renounce Religion


You were on level 9 of the Dungeon.
You worshipped Dithmenos.
Dithmenos was aware of your devotion.
You were not hungry.

You visited 2 branches of the dungeon, and saw 10 of its levels.
You also visited: Sewer.

You collected 489 gold pieces.

Inventory:

Hand Weapons
 x - the +5 long sword of the Warrior (weapon) {speed, Str+5 Dex-3}
   (You found it on level 7 of the Dungeon)

   Attacks with this weapon are significantly faster.
   It affects your strength (+5).
   It affects your dexterity (-3).
 F - a +3 scimitar of freezing
Missiles
 w - 2 throwing nets (quivered)
Armour
 b - a +1 shield (worn)
 l - a +0 cloak (worn)
 E - a +2 hat of intelligence (worn)
Jewellery
 c - a +5 ring of strength (right hand)
 k - an uncursed amulet of the gourmand {unknown}
 p - a ring of magical power (left hand)
Wands
 n - a wand of confusion (46/48)
 B - a wand of disintegration (7/24)
Scrolls
 f - 5 scrolls of teleportation
 r - 4 scrolls of remove curse
 y - a scroll of amnesia
Potions
 e - 3 potions of haste
 h - 5 potions of flight
 j - 2 potions of invisibility
 m - a potion of heal wounds
 q - a potion of mutation
 s - a potion of lignification
 t - a potion of might
 u - 4 potions of agility
 v - 4 potions of curing
 C - a potion of resistance
Books
 A - a book of Changes

   Spells                             Type                      Level
   a - Beastly Appendage              Transmutation                1
   b - Sticks to Snakes               Transmutation                2
   c - Spider Form                    Transmutation/Poison         3
   d - Ice Form                       Ice/Transmutation            4
   e - Blade Hands                    Transmutation                5
Comestibles
 d - 6 bread rations
 g - 7 meat rations
 o - 4 royal jellies


   Skills:
 - Level 5.4(4.9) Fighting
 + Level 9.4(8.8) Long Blades
 - Level 5.0(4.5) Dodging
 - Level 6.6(6.1) Stealth
 + Level 9.9(9.4) Shields
 + Level 0.4(0.0) Invocations


You had 9 spell levels left.
You didn't know any spells.

Dungeon Overview and Level Annotations

Branches:
Dungeon (9/15)             Temple (1/1) D:7
   Lair: D:8-11         Orc: D:9-12

Altars:
Ashenzari
Cheibriados
Dithmenos
Elyvilon
Fedhas
Gozag
Hepliaklqana
Kikubaaqudgha
Makhleb
Nemelex Xobeh
Okawaru
Qazlal
Ru
Sif Muna
Trog
Uskayaw
Vehumet
Wu Jian
Xom
Yredelemnul
Zin
The Shining One

Shops:
D:5 %

Annotations:
D:9 Erica


Innate Abilities, Weirdness & Mutations

You can walk through water.
Your dull iron-grey scales are very hard. (AC +12)
You cannot fit into any form of body armour.
You can survive without breathing.
You are cold-blooded and may be slowed by cold attacks.
You are agile. (Dex +2)
Your flesh is heat resistant. (rF+)


Message History

You see here an arrow.
You hear some strange, mumbled words.
Something tries to affect you, but you resist.
Found a leather armour.
You hear some strange, mumbled words.
An orb of energy appears from out of thin air!
The orb of energy hits you!
* * * LOW HITPOINT WARNING * * *
The orb of energy explodes!
You feel yourself slow down.
Evoke which item? (* to show all) (? for menu, Esc to quit)
Aiming: Confuse (will waste charges)
Press: ? - help, Shift-Dir - straight line Nothing appears to happen.
Evoking this partially-identified wand wasted a few charges.
You hear some strange, mumbled words.
A bolt of poison appears from out of thin air!
The bolt of poison hits you!
You are poisoned.
You die...

#.......# #........#
#.......# #........#
#.......###........#
#........###########
#........#
#.......)#
###.###### #.# #@#
#.......# ######..#
#..# #..# #.[# #..#
#...


There were no monsters in sight!

Vanquished Creatures
  Gastronok (D:8)
  Joseph (D:7)
  The ghost of anet the Covered, an amateur MiMo of Ashenzari (D:5)
  Grinder (D:4)
  A hippogriff (D:7)
  4 hogs (D:8)
  A hungry ghost (D:8)
  A human (D:8)
  Edmund (D:5)
  2 orc warriors (D:8)
  2 ice beasts
  2 sky beasts (D:8)
  2 ogres (D:6)
  4 centaurs
  5 bullfrogs
  2 scorpions
  2 wights (D:9)
  A howler monkey (D:8)
  4 crimson imps
  A hound (D:4)
  5 orc priests
  Crazy Yiuf (D:5)
  3 orc wizards
  A bullfrog skeleton (D:5)
  5 iguanas
  4 worker ants
  A hound zombie (D:7)
  3 hound skeletons
  A mummy (D:5)
  A worker ant zombie (D:6)
  12 adders
  2 shadow imps
  2 oozes
  2 adder skeletons
  6 worms
  2 dart slugs
  5 leopard geckos
  43 orcs
  6 ball pythons
  17 bats
  6 giant cockroaches
  6 goblins
  4 hobgoblins
  8 jackals
  22 kobolds
  5 quokkas
  4 frilled lizards
  12 rats
228 creatures vanquished.

Notes
Turn   | Place    | Note
-------+----------+-------------------------------------------
     0 | D:1      | KristoblXynda the Draconian Fighter began the quest for the Orb.
     0 | D:1      | Reached XP level 1. HP: 19/19 MP: 1/1
   104 | D:1      | Reached XP level 2. HP: 24/26 MP: 2/2
   736 | D:1      | Reached XP level 3. HP: 30/31 MP: 3/3
  1450 | D:2      | Reached XP level 4. HP: 34/38 MP: 4/4
  1707 | D:2      | Found a basalt altar of Yredelemnul.
  2234 | D:3      | Reached XP level 5. HP: 15/45 MP: 5/5
  2234 | D:3      | HP: 2/45 [orc priest/divine providence (13)]
  3075 | D:4      | Noticed Grinder
  3097 | D:4      | Paralysed by Grinder for 2 turns
  3111 | D:4      | Killed Grinder
  3111 | D:4      | Reached XP level 6. HP: 4/51 MP: 6/6
  3303 | D:4      | Found a glowing drain.
  3325 | Sewer    | Entered a sewer
  4256 | D:4      | Reached skill level 5 in Shields
  4518 | D:4      | Found an opulent altar of Gozag.
  4564 | D:4      | Your scales start taking on a dull iron-grey colour.
  4564 | D:4      | Reached XP level 7. HP: 47/57 MP: 7/7
  4564 | D:4      | Gained mutation: You can survive without breathing. [Grey Draconian growth]
  4985 | D:4      | Reached skill level 5 in Long Blades
  5185 | D:4      | Reached skill level 5 in Dodging
  5193 | D:4      | Found a deep blue altar of Sif Muna.
  5230 | D:5      | Entered Level 5 of the Dungeon
  5477 | D:5      | Found a snail-covered altar of Cheibriados.
  5478 | D:5      | Noticed Edmund
  5529 | D:5      | Killed Edmund
  5614 | D:5      | Reached XP level 8. HP: 35/66 MP: 8/8
  5664 | D:5      | Found Efestra's Food Emporium.
  5934 | D:5      | Noticed anet's ghost (amateur MiMo)
  5948 | D:5      | Killed anet's ghost
  6328 | D:5      | Found a runed door.
  6332 | D:5      | Noticed Crazy Yiuf
  6335 | D:5      | Killed Crazy Yiuf
  6335 | D:5      | Reached skill level 5 in Fighting
  6513 | D:5      | Got a warped dagger
  6514 | D:5      | Identified the +8 dagger "Akkinwu" {freeze, rC+ Int+2} (You found it on level 5 of the Dungeon)
  6614 | D:6      | Found an ancient bone altar of Kikubaaqudgha.
  6872 | D:6      | Reached skill level 1 in Stealth
  7701 | D:7      | Noticed Joseph
  7707 | D:7      | Reached XP level 9. HP: 59/74 MP: 9/9
  7743 | D:7      | Killed Joseph
  7969 | D:7      | Found a staircase to the Ecumenical Temple.
  8097 | D:7      | Got a slimy long sword
  8098 | D:7      | Identified the +5 long sword of the Warrior {speed, Str+5 Dex-3} (You found it on level 7 of the Dungeon)
  8146 | Temple   | Entered the Ecumenical Temple
  8250 | Temple   | Became a worshipper of Dithmenos the Shadowed
  8334 | D:7      | Found a glowing golden altar of the Shining One.
  9074 | D:8      | Reached skill level 5 in Stealth
  9162 | D:8      | Found a sparkling altar of Nemelex Xobeh.
  9190 | D:8      | Reached XP level 10. HP: 81/81 MP: 10/10
  9286 | D:8      | Noticed Gastronok
  9301 | D:8      | Killed Gastronok
  9466 | D:8      | Reached * piety under Dithmenos
  9487 | D:8      | Gained mutation: You are resistant to hostile enchantments. (MR+) [mutagenic meat]
  9489 | D:8      | Gained mutation: You expend magic power (3 MP) to strengthen your wands. [mutagenic meat]
  9490 | D:8      | Gained mutation: You possess an exceptional clarity of mind. [mutagenic meat]
  9816 | D:8      | Lost mutation: You are resistant to hostile enchantments. (MR+) [potion of mutation]
  9816 | D:8      | Lost mutation: You possess an exceptional clarity of mind. [potion of mutation]
  9816 | D:8      | Lost mutation: You expend magic power (3 MP) to strengthen your wands. [potion of mutation]
  9816 | D:8      | Gained mutation: Your flesh is heat resistant. (rF+) [potion of mutation]
  9816 | D:8      | Gained mutation: You are agile. (Dex +2) [potion of mutation]
  9938 | D:8      | Found an ornate altar of the Wu Jian Council.
  9938 | D:8      | Found a stormy altar of Qazlal.
 10225 | D:9      | Noticed Erica
 10251 | D:9      | Killed from afar by Erica

Vault maps used:
D:1:      lemuel_arrival_tunnels, minmay_box_of_dots
D:2:      lemuel_doored_altar, minmay_pentomino_o2
D:4:      tgw_sif, first_bread, portal_sewer_entry_d,
          nicolae_gozag_cash_rules_everything_around_me, uniq_grinder
D:5:      slow_altar_1, serial_shops, nicolae_shop_crystal,
          hangedman_decor_points, uniq_crazy_yiuf_cottage, uniq_edmund
D:6:      basic_altar
D:7:      minmay_temple_entry_poolview, tso_altar, uniq_joseph
D:8:      gammafunk_temple_overflow_wave, marbit_many_paths, grunt_livestock,
          uniq_gastronok
D:9:      kennysheep_little_box, orc_0_dummy, enter_bailey_2, uniq_maurice,
          uniq_erica
Temple:   regret_index_temple_waves
Sewer:    kennysheep_pipe_town

Skill      XL: |  1  2  3  4  5  6  7  8  9 10 |
---------------+-------------------------------+-----
Dodging        | 3 4 5 |  5.0
Long Blades    | 3 4 5 7 8 9 |  9.4
Shields        | 4 5 6 7 9 |  9.9
Fighting       | 4 5 |  5.4
Stealth        | 2 5 6 |  6.6
Invocations    | |  0.4

Action                   |  1- 3 |  4- 6 |  7- 9 | 10-12 || total
-------------------------+-------+-------+-------+-------++-------
Melee: Long sword        |   145 |   262 |   332 |    73 ||   812
       Tailslap          |    16 |    21 |    50 |    15 ||   102
       Dagger            |       |       |    68 |       ||    68
       Unarmed           |       |       |    35 |       ||    35
       Scimitar          |       |       |       |     5 ||     5
Evoke: Wand              |       |       |     1 |     2 ||     3
  Use: Potion            |       |     7 |     3 |     3 ||    13
       Scroll            |       |    16 |    12 |     2 ||    30
 Stab: Sleeping          |     1 |     1 |     3 |       ||     5
  Eat: Meat ration       |     1 |       |     1 |       ||     2
       Chunk             |       |     4 |     5 |     5 ||    14
       Fruit             |       |     2 |     2 |     2 ||     6
       Royal jelly       |       |     1 |     2 |       ||     3
       Bread ration      |       |       |     1 |       ||     1
Armor: Skin              |    69 |    89 |   108 |    16 ||   282
Dodge: Dodged            |    88 |   138 |   151 |    14 ||   391
Block: Shield            |    72 |   137 |   247 |    45 ||   501
       Rpst.: Long sword |    24 |    42 |    33 |     2 ||   101
